 Dungeon Sprint DCSS version 0.31-a0-115-g4708a659fe (webtiles) character file.

Game seed: 289934293087228748

5884 Conn the Scorcher (level 10, -11/56 HPs)
             Began as an Octopode Fire Elementalist on May 29, 2023.
             Was a High Priest of Sif Muna.
             Killed by an exploding rat (34 damage)
             ... ignited by their inner flame
             ... in the Dungeon (Sprint I: "Red Sonja").
             The game lasted 00:13:10 (1252 turns).

Conn the Scorcher (Octopode Fire Elementalist)      Turns: 1252, Time: 00:13:10

Health: -11/56     AC:  1    Str:  7    XL:     10   Next: 82%
Magic:  10/26      EV: 15    Int: 22    God:    Sif Muna [*****.]
Gold:   401        SH:  0    Dex: 13    Spells: 9/34 levels left

rFire   . . .        i - +0 dagger (distort)
rCold   x . .        (no shield)
rNeg    . . .        (helmet restricted)
rPois   .            (no amulet)
rElec   .            (no ring)
rCorr   .            (no ring)
SInv    .            (no ring)
Will    .....        (no ring)
Stlth   +++++        (no ring)
HPRegen 0.29/turn    (no ring)
MPRegen 0.20/turn    (no ring)
                     (no ring)

%: no teleportation
@: no status effects
A: almost no armour, amphibious, 8 rings, camouflage 1, gelatinous body 1,
(nimble swimmer 1), tentacles, cold vulnerability 1
a: Renounce Religion, Channel Magic, Forget Spell, Divine Exegesis


You were in the Dungeon.
You worshipped Sif Muna.
Sif Muna was extremely pleased with you.
You visited 1 branch You collected 867 gold pieces.
You spent 466 gold pieces at shops.

Inventory:

Hand Weapons
 h - a +0 dagger
 i - a +0 dagger of distortion (weapon)
Missiles
 j - 2 curare-tipped darts (quivered)
Wands
 d - a wand of acid (2)
 g - a wand of flame (14)
Scrolls
 f - 2 scrolls of blinking
 m - a scroll of fog
 n - a scroll of amnesia
Potions
 a - 3 potions of magic
 b - 4 potions of curing
 c - a potion of heal wounds
 e - a potion of berserk rage


   Skills:
 + Level 2.8 Throwing
 + Level 5.3 Dodging
 + Level 7.5 Stealth
 + Level 12.9 Spellcasting
 * Level 11.4 Conjurations
 + Level 5.9 Hexes
 + Level 0.3 Summonings
 + Level 15.0 Fire Magic
 * Level 1.7 Earth Magic
 * Level 3.6 Invocations


You had 9 spell levels left.
You knew the following spells:

 Your Spells              Type           Power      Damage    Failure   Level
a - Foxfire               Conj/Fire      100%       2x1d9     1%          1
b - Scorch                Fire           100%       2d9       0%          2
c - Inner Flame           Hex/Fire       57%        N/A       1%          3
d - Flame Wave            Conj/Fire      64%        2d15      1%          4
e - Blink                 Tloc           28%        N/A       7%          2
f - Summon Guardian Gole  Hex/Summ       28%        N/A       3%          3
g - Summon Small Mammal   Summ           60%        N/A       3%          1
h - Call Canine Familiar  Summ           15%        N/A       12%         3
i - Leda's Unmaking       Conj/Erth      21%        9d4       41%         6

Your spell library contained the following spells:

 Spells                   Type           Power      Damage    Failure   Level
 Momentum Strike          Conj/Tloc      78%        3d10      1%          2
 Volatile Blastmotes      Fire/Tloc      94%        2d17      1%          3
 Lesser Beckoning         Tloc           28%        N/A       7%          2
 Leda's Liquefaction      Hex/Erth       15%        N/A       9%          4
 Lee's Rapid Deconstruct  Erth           10%        3d8*      52%         5
 Statue Form              Tmut/Erth      12%        N/A       99%         6


Dungeon Overview and Level Annotations

Branches:
Dungeon (1/1)

Altars:
Cheibriados
Dithmenos
Elyvilon
Fedhas
Gozag
Hepliaklqana
Kikubaaqudgha
Makhleb
Nemelex Xobeh
Okawaru
Qazlal
Ru
Sif Muna
Trog
Uskayaw
Vehumet
Wu Jian
Xom
Yredelemnul
Zin
The Shining One
Jiyva
Lugonu

Shops:
D *:=((([


Innate Abilities, Weirdness & Mutations

You cannot wear most types of armour.
You are amphibious.
You can wear up to eight rings at the same time.
Your skin changes colour to match your surroundings (Stealth+).
Your rubbery body absorbs attacks. (AC +1, EV +1)
((You are camouflaged when in or above water. (Stealth+)))
You have tentacles for arms and can constrict up to eight enemies at once.
You are vulnerable to cold. (rC-)


Message History

Press: ? - help, Dir - move target, f - rat
Aim: a rat (summoned, sheltered from injuries, friendly, chance to affect: 99%)
Your rat is filled with an inner flame.
Unknown command.
You open the door. 2 centaur warriors come into view.
The centaur warrior moves out of view. x2
Unknown command.
Casting: Inner Flame (safe; 1% risk of failure)
Confirm with . or Enter, or press ? or * to list all spells.
Aiming: Inner Flame (safe; 1% risk of failure)
Press: ? - help, Dir - move target, f - centaur warrior, p - rat
Aim: a centaur warrior (asleep, chance to affect: 87%)
The centaur warrior shouts!
The centaur warrior is filled with an inner flame.
Unknown command.
Casting: Inner Flame (safe; 1% risk of failure)
Confirm with . or Enter, or press ? or * to list all spells.
Aiming: Inner Flame (safe; 1% risk of failure)
Press: ? - help, Dir - move target, f - rat, p - centaur warrior
Aim: a rat (summoned, sheltered from injuries, friendly, chance to affect: 99%)
Your rat is filled with an inner flame.
The centaur warrior wields a +0 shortbow.
The centaur warrior shoots an arrow.
The arrow hits your rat!
Your rat's corpse disappears in a puff of smoke!
Your rat explodes!
The fiery explosion engulfs your rat!!
Your rat's corpse disappears in a puff of smoke!
The fiery explosion engulfs your hound!!
You kill your hound!
Your hound's corpse disappears in a puff of smoke!
The fiery explosion engulfs you!!
Ouch! That really hurt!
Your rat explodes!
The fiery explosion engulfs your guardian golem!
Your guardian golem resists.
Your guardian golem is moderately damaged.
The fiery explosion engulfs you!!
Ouch! That really hurt!
You die...

##########################
#<[#.)'..#).'..#__#..'..)#
#..'..#..'..#..'..'..#)..#
#..#####'#####'#__####...+
#..####..#...#§####$[#####
#..#__####..##§#§§§§c#
#..#_____##'#9@§§§§§.+
#⌠⌠#_.∩...'...§#§§c§.#
####_..__##_.#'##+####
#_____###'#(#.(..###
############.####'###.##
#∩......[.'...'.....'.∩#
###''''####...##########
#.......####.###
#........#.#'#.#


You could see a friendly guardian golem (summoned).

Vanquished Creatures
  Sonja (D)
  A deep troll (D)
  8 shining eyes (D)
  2 kobold demonologists (D)
  A slime creature (D)
  Sigmund (D)
  A yak (D)
  5 floating eyes (D)
  An ogre (D)
  A jelly (D)
  Ijyb (D)
  2 ballistomycete spores (D)
25 creatures vanquished.

Vanquished Creatures (others)
  46 foxfires (D)
46 creatures vanquished.

Grand Total: 71 creatures vanquished

Notes
Turn   | Place    | Note
-------+----------+-------------------------------------------
     0 | D        | Conn the Octopode Fire Elementalist began the quest for the
                  | Orb.
     0 | D        | Reached XP level 1. HP: 11/11 MP: 3/3
     3 | D        | Noticed Ijyb
     8 | D        | Killed Ijyb
     9 | D        | Reached skill level 4 in Fire Magic
     9 | D        | Reached XP level 2. HP: 12/17 MP: 0/5
     9 | D        | Reached XP level 3. HP: 14/21 MP: 0/7
    17 | D        | Learned a level 2 spell: Scorch
    21 | D        | Learned a level 3 spell: Inner Flame
    68 | D        | Noticed an ogre
    72 | D        | Killed an ogre
    73 | D        | Reached skill level 6 in Fire Magic
    73 | D        | Reached XP level 4. HP: 27/27 MP: 1/10
   153 | D        | Noticed Sigmund
   157 | D        | Killed Sigmund
   158 | D        | Reached skill level 5 in Spellcasting
   158 | D        | Reached skill level 5 in Conjurations
   158 | D        | Reached skill level 8 in Fire Magic
   158 | D        | Reached XP level 5. HP: 31/31 MP: 4/12
   158 | D        | Reached XP level 6. HP: 36/36 MP: 4/13
   236 | D        | Found an ornate altar of the Wu Jian Council.
   236 | D        | Found a shimmering blue altar of Sif Muna.
   238 | D        | Found a radiant altar of Vehumet.
   242 | D        | Reached skill level 5 in Stealth
   242 | D        | Reached skill level 9 in Fire Magic
   244 | D        | Became a worshipper of Sif Muna the Loreminder
   281 | D        | Learned a level 4 spell: Flame Wave
   282 | D        | Found Luggouqir's Weapon Emporium.
   282 | D        | Found an ancient bone altar of Kikubaaqudgha.
   282 | D        | Found a hazy altar of Hepliaklqana.
   282 | D        | Found a stormy altar of Qazlal.
   282 | D        | Found a hide-covered altar of Uskayaw.
   282 | D        | Found a blossoming altar of Fedhas.
   282 | D        | Found a bloodstained altar of Trog.
   282 | D        | Found an iron altar of Okawaru.
   282 | D        | Found a basalt altar of Yredelemnul.
   282 | D        | Found a glowing golden altar of the Shining One.
   282 | D        | Found a snail-covered altar of Cheibriados.
   282 | D        | Found a sacrificial altar of Ru.
   282 | D        | Found a glowing silver altar of Zin.
   282 | D        | Found a shadowy altar of Dithmenos.
   282 | D        | Found a white marble altar of Elyvilon.
   282 | D        | Noticed a yak
   292 | D        | Killed a yak
   293 | D        | Reached skill level 10 in Fire Magic
   296 | D        | Found an opulent altar of Gozag.
   297 | D        | Found a sparkling altar of Nemelex Xobeh.
   363 | D        | Noticed Sonja
   373 | D        | Killed Sonja
   374 | D        | Reached skill level 5 in Dodging
   374 | D        | Reached skill level 1 in Hexes
   374 | D        | Reached skill level 11 in Fire Magic
   374 | D        | Reached XP level 7. HP: 26/41 MP: 1/18
   374 | D        | Reached XP level 8. HP: 30/46 MP: 1/20
   562 | D        | Found Teexasou's Assorted Antiques.
   592 | D        | Noticed a deep troll
   607 | D        | Killed a deep troll
   607 | D        | Reached * piety under Sif Muna
   608 | D        | Reached skill level 1 in Throwing
   608 | D        | Reached skill level 12 in Fire Magic
   624 | D        | Found Axoes's Armour Emporium.
   670 | D        | Noticed a shining eye
   670 | D        | Noticed a shining eye
   670 | D        | Noticed a shining eye
   673 | D        | Noticed a shining eye
   673 | D        | Paralysed by a floating eye for 3 turns
   684 | D        | Paralysed by a floating eye for 4 turns
   691 | D        | Noticed a shining eye
   701 | D        | Paralysed by a floating eye for 3 turns
   707 | D        | Paralysed by a floating eye for 4 turns
   714 | D        | Killed a shining eye
   715 | D        | Reached XP level 9. HP: 51/51 MP: 1/22
   716 | D        | Killed a shining eye
   717 | D        | Reached skill level 10 in Spellcasting
   717 | D        | Reached skill level 13 in Fire Magic
   717 | D        | Reached ** piety under Sif Muna
   717 | D        | Killed a shining eye
   717 | D        | Killed a shining eye
   718 | D        | Reached skill level 10 in Conjurations
   719 | D        | Paralysed by a floating eye for 4 turns
   722 | D        | Reached skill level 14 in Fire Magic
   722 | D        | Reached XP level 10. HP: 56/56 MP: 2/25
   722 | D        | Noticed a shining eye
   723 | D        | Reached *** piety under Sif Muna
   728 | D        | Killed a shining eye
   729 | D        | Paralysed by a floating eye for 4 turns
   732 | D        | Killed a shining eye
   733 | D        | Reached skill level 5 in Hexes
   740 | D        | Paralysed by a floating eye for 2 turns
   879 | D        | Noticed a shining eye
   904 | D        | Killed a shining eye
   904 | D        | Reached **** piety under Sif Muna
   905 | D        | Reached skill level 1 in Invocations
   907 | D        | Noticed a shining eye
   911 | D        | Gained mutation: You are vulnerable to cold. (rC-) [a
                  | shining eye]
   913 | D        | Killed a shining eye
   932 | D        | Found Fomipsi's Weapon Shop.
   932 | D        | Found Fiotz's Book Shoppe.
   932 | D        | Found Jume Eharoho's Weapon Boutique.
   932 | D        | Found Buabbuts's Jewellery Emporium.
   938 | D        | Bought a book of Spatial Translocations for 180 gold pieces
   938 | D        | Bought a book of Callings for 200 gold pieces
   968 | D        | Bought a scroll labelled XOLEOXO BEOWOC for 18 gold pieces
   968 | D        | Bought a bubbling brown potion for 16 gold pieces
   968 | D        | Bought a scroll labelled MUIGERH HIOFF for 18 gold pieces
   968 | D        | Bought a scroll labelled HAHAID YSURPH for 18 gold pieces
   968 | D        | Bought a lumpy amethyst potion for 16 gold pieces
   996 | D        | Found a burning altar of Makhleb.
   996 | D        | Found a viscous altar of Jiyva.
   996 | D        | Found a shimmering altar of Xom.
   996 | D        | Found a corrupted altar of Lugonu.
  1023 | D        | Learned a level 2 spell: Blink
  1027 | D        | Learned a level 3 spell: Summon Guardian Golem
  1029 | D        | Learned a level 1 spell: Summon Small Mammal
  1033 | D        | Learned a level 3 spell: Call Canine Familiar
  1040 | D        | Learned a level 6 spell: Leda's Unmaking
  1087 | D        | Noticed a kobold demonologist
  1089 | D        | Noticed a kobold demonologist
  1089 | D        | Paralysed by a floating eye for 4 turns
  1094 | D        | Killed a kobold demonologist
  1094 | D        | Reached ***** piety under Sif Muna
  1095 | D        | Reached skill level 15 in Fire Magic
  1095 | D        | Reached skill level 1 in Earth Magic
  1095 | D        | Noticed a soul eater
  1102 | D        | Killed a kobold demonologist
  1249 | D        | Noticed a centaur warrior
  1249 | D        | Noticed a centaur warrior
  1252 | D        | Killed by an exploding rat... ignited by their inner flame

Illustrated notes

Levels and vault maps discovered:
D:        dungeon_sprint_1 [red_sonja_temple_1, red_sonja_temple_small_1]

Skill      XL: |  1  2  3  4  5  6  7  8  9 10 |
---------------+-------------------------------+-----
Stealth        | 3 4 6 7 |  7.5
Conjurations   | 2 4 5 7 9 10 11 | 11.4
Fire Magic     | 4 6 8 11 12 14 15 | 15.0
Dodging        | 3 4 5 |  5.3
Spellcasting   | 4 5 8 9 11 12 | 12.9
Hexes          | 1 3 4 5 |  5.9
Throwing       | 1 2 |  2.8
Invocations    | 3 |  3.6
Earth Magic    | 1 |  1.7
Summonings     | |  0.3

Action                     |  1- 3 |  4- 6 |  7- 9 | 10-12 || total
---------------------------+-------+-------+-------+-------++-------
  Melee: Unarmed           |     3 |       |       |       ||     3
         Tentacles         |     1 |       |       |     1 ||     2
         Constrict         |     1 |       |       |       ||     1
         Dagger            |       |       |       |     5 ||     5
  Throw: Dart              |       |       |     3 |       ||     3
   Cast: Foxfire           |     3 |    10 |     1 |    17 ||    31
         Scorch            |     3 |     6 |     6 |     7 ||    22
         Inner Flame       |       |     3 |     7 |     8 ||    18
         Flame Wave        |       |       |     1 |     1 ||     2
         Summon Small Mamm |       |       |       |     3 ||     3
         Call Canine Famil |       |       |       |     2 ||     2
         Summon Guardian G |       |       |       |     2 ||     2
  Evoke: Wand              |       |       |       |     1 ||     1
    Use: Potion            |     1 |     1 |       |     2 ||     4
         Scroll            |       |       |       |     2 ||     2
  Dodge: Dodged            |       |       |     3 |     3 ||     6

Table legend: (Time is in decaauts)
 A = Elapsed time spent in this place.
 B = Non-inter-level travel time spent in this place.
 C = Inter-level travel time spent in this place.
 D = Time resting spent in this place.
 E = Time spent auto-exploring this place.
 F = Levels seen in this place.
 G = Mean time per level.
                   A        B        C        D        E       F      G
               +--------+--------+--------+--------+--------+-----+--------+
         Total |   1245 |   1245 |      0 |    620 |      0 |   1 | 1245.0 |
       Dungeon |   1245 |   1245 |      0 |    620 |      0 |   1 | 1245.0 |
               +--------+--------+--------+--------+--------+-----+--------+

Top non-repeatable levels by time:
       D: 1245 daAuts
